 Dungeon Crawl Stone Soup version 0.31-a0-963-ga325b2283a (webtiles) character file.

Game seed: 14038007705527807476

1788597 Sergey the Acrobat (level 27, 242/242 HPs)
             Began as a Gnoll Fire Elementalist on Oct 24, 2023.
             Was the Champion of Vehumet.
             Escaped with the Orb
             ... and 4 runes!
             The game lasted 03:13:13 (110038 turns).

Sergey the Acrobat (Gnoll Fire Elementalist)      Turns: 110038, Time: 03:13:13

Health: 242/242    AC: 22    Str: 14    XL:     27
Magic:  42/42      EV: 28    Int: 32    God:    Vehumet [******]
Gold:   3296       SH: 10    Dex: 21    Spells: 11/64 levels left

rFire   + . .        w - +8 demon trident (spect)
rCold   + . .        K - +0 buckler "Foheyscho" {Rampage rElec Regen+ Int-3}
rNeg    + + +        I - +5 moon troll leather armour {Spirit, Regen++ MP+5}
rPois   +            D - +2 hat {Will+}
rElec   +            B - +2 cloak
rCorr   +            g - +2 pair of gloves
SInv    .            m - +0 pair of boots "Foschoov" {rF+ Slay+3}
Will    ++++.        o - amulet "Besh" {Acrobat rN+ Dex+10 Slay-3}
Stlth   +++          P - ring of Roacing {Wiz rPois rC+ Will+ MP-9}
HPRegen 3.00/turn    L - ring of Qamnoenn {rN++ rCorr Str+6 Int+9 Dex-4}
MPRegen 0.28/turn

%: acrobat, guardian spirit, rampage, wizardry (x1)
@: studying 2 skills
A: fangs 1, strong nose, distributed training, robust 1, screaming 1
0: Orb of Zot
}: 4/15 runes: barnacled, slimy, silver, gossamer
a: Renounce Religion


You escaped.
You worshipped Vehumet.
Vehumet was exalted by your worship.
You visited 11 branches of the dungeon, and saw 53 of its levels.
You visited 1 bazaar.
You also visited: Trove and Ice Cave.

You collected 9619 gold pieces.
You spent 6323 gold pieces at shops.

Inventory:

Hand Weapons
 w - a +8 spectral demon trident (weapon)
Missiles
 i - 8 throwing nets
 F - 24 javelins
 S - 26 silver javelins
Armour
 g - a +2 pair of gloves (worn)
 m - the +0 pair of boots "Foschoov" (worn) {rF+ Slay+3}
   (You found it in a treasure trove)

   Slay+3:    It affects your accuracy & damage with ranged weapons and melee
   (+3).
   rF+:       It protects you from fire.
 B - a +2 cloak (worn)
 D - a +2 hat of willpower (worn)
 I - the +5 moon troll leather armour (worn) {Spirit, Regen++ MP+5}
   (You found it on level 1 of the Spider Nest)

   MP+5:      It affects your magic capacity (+5).
   Regen++:   It increases your rate of health regeneration.
 K - the +0 buckler "Foheyscho" (worn) {Rampage rElec Regen+ Int-3}
   (You took it off a gnoll on level 7 of the Dungeon)

   Int-3:     It affects your intelligence (-3).
   rElec:     It insulates you from electricity.
   Regen+:    It increases your rate of health regeneration.
   Rampage:   It bestows one free step when moving towards enemies.
 M - a +2 helmet
 O - a +2 pair of boots
Magical Staves
 e - a staff of fire {rF+ !a}
 q - a staff of cold {rC+ !a}
Jewellery
 f - a ring of willpower
 o - the amulet "Besh" (around neck) {Acrobat rN+ Dex+10 Slay-3}
   (You found it in a treasure trove)

   [amulet of the acrobat]

   Acrobat:   It increases your evasion while moving and waiting.
   Dex+10:    It affects your dexterity (+10).
   Slay-3:    It affects your accuracy & damage with ranged weapons and melee
   (-3).
   rN+:       It protects you from negative energy.
 r - the amulet of Kaizahi {RegenMP rElec Str+6}
   (You took it off a deep elf sorcerer on level 3 of the Elven Halls)

   [amulet of magic regeneration]

   RegenMP:   It increases your rate of magic regeneration.
   Str+6:     It affects your strength (+6).
   rElec:     It insulates you from electricity.
 z - the ring "Caibup" {rC+ AC+4}
   (You found it on level 3 of the Spider Nest)

   [ring of protection]

   AC+4:      It affects your AC (+4).
   rC+:       It protects you from cold.
 L - the ring of Qamnoenn (right hand) {rN++ rCorr Str+6 Int+9 Dex-4}
   (You bought it in a shop on level 8 of the Dungeon)

   [ring of strength]

   Str+6:     It affects your strength (+6).
   Int+9:     It affects your intelligence (+9).
   Dex-4:     It affects your dexterity (-4).
   rN++:      It greatly protects you from negative energy.
   rCorr:     It protects you from acid and corrosion.
 P - the ring of Roacing (left hand) {Wiz rPois rC+ Will+ MP-9}
   (You took it off a deep elf death mage on level 3 of the Elven Halls)

   [ring of wizardry]

   Wiz:       It improves your spell success rate.
   rC+:       It protects you from cold.
   rPois:     It protects you from poison Will+: It increases your willpower.
   MP-9:      It affects your magic capacity (-9).
 W - a ring of protection from fire
Wands
 c - a wand of light (3)
 u - a wand of charming (20)
 v - a wand of digging (22)
 T - a wand of mindburst (8)
Scrolls
 a - 9 scrolls of vulnerability {!r}
 h - 5 scrolls of immolation
 k - 4 scrolls of fear
 A - 9 scrolls of blinking {@r4}
 R - 32 scrolls of teleportation {@r3}
 X - 3 scrolls of butterflies
 Y - 3 scrolls of fog {@r2}
 Z - 6 scrolls of poison
Potions
 b - 9 potions of magic
 d - 18 potions of curing {@q2}
 j - 5 potions of resistance
 l - 10 potions of mutation
 n - 5 potions of haste {@q5}
 p - 2 potions of cancellation
 s - 4 potions of enlightenment
 x - 4 potions of invisibility
 y - 11 potions of brilliance
 E - 21 potions of heal wounds {@q1}
 H - 5 potions of lignification
 J - 7 potions of ambrosia
 N - 12 potions of might {@q3}
Miscellaneous
 t - a phantom mirror
 C - a box of beasts
 G - a lightning rod (4/4)
 U - a phial of floods
 V - a condenser vane


   Skills:
 + Level 18.9 Fighting
 + Level 18.9 Short Blades
 + Level 18.9 Long Blades
 + Level 18.9 Axes
 + Level 18.9 Maces & Flails
 + Level 18.9 Polearms
 + Level 18.9 Staves
 + Level 18.9 Ranged Weapons
 + Level 18.9 Throwing
 + Level 18.9 Armour
 + Level 21.4 Dodging
 + Level 19.3 Stealth
 + Level 18.9 Shields
 + Level 18.9 Unarmed Combat
 + Level 19.4 Spellcasting
 + Level 16.2 Conjurations
 + Level 16.1 Hexes
 + Level 16.1 Summonings
 + Level 20.6 Necromancy
 + Level 16.1 Translocations
 + Level 16.1 Transmutations
 + Level 16.9 Fire Magic
 + Level 16.1 Ice Magic
 + Level 16.1 Air Magic
 + Level 16.1 Earth Magic
 + Level 16.1 Poison Magic
 + Level 20.4 Invocations
 + Level 18.9 Evocations
 + Level 17.4 Shapeshifting


You had 11 spell levels left.
You knew the following spells:

 Your Spells              Type           Power      Damage    Failure   Level
a - Bombard               Conj/Erth      47%        9d8       1%          6
b - Stone Arrow           Conj/Erth      100%       3d13      0%          3
c - Malign Gateway        Summ/Tloc      47%        N/A       1%          7
d - Ozocubu's Armour      Ice            94%        N/A       0%          3
m - Ignition              Fire           48%        3d14      1%          8
o - Ozocubu's Refrigerat  Ice            47%        4d17      1%          7
r - Irradiate             Conj/Tmut      47%        3d27      1%          5
z - Plasma Beam           Fire/Air       47%        2x1d62    1%          6
C - Maxwell's Capacitive  Air            47%        ∞         1%          8

Your spell library contained the following spells:

 Spells                   Type           Power      Damage    Failure   Level
 Polar Vortex             Ice            47%        12d6*     21%         9
 Foxfire                  Conj/Fire      100%       2x1d9     0%          1
 Freeze                   Ice            100%       1d10      0%          1
 Magic Dart               Conj           100%       1d8       0%          1
 Sandblast                Erth           100%       2d20      0%          1
 Shock                    Conj/Air       100%       1d9       0%          1
 Sting                    Tmut/Pois      100%       1d8       0%          1
 Call Imp                 Summ           100%       N/A       0%          2
 Cigotuvi's Dreadful Rot  Necr/Pois/Air  100%       N/A       0%          2
 Ensorcelled Hibernation  Hex/Ice        100%       N/A       0%          2
 Poisonous Vapours        Pois/Air       100%       N/A       0%          2
 Scorch                   Fire           100%       2d9       0%          2
 Searing Ray              Conj           100%       2d8       0%          2
 Dazzling Flash           Conj/Hex       100%       N/A       0%          3
 Frozen Ramparts          Ice            100%       1d16      0%          3
 Gell's Gravitas          Tloc           94%        N/A       0%          3
 Hailstorm                Conj/Ice       94%        3d19      0%          3
 Ignite Poison            Fire/Tmut/Pois 94%        N/A       0%          3
 Inner Flame              Hex/Fire       95%        N/A       0%          3
 Mephitic Cloud           Conj/Pois/Air  94%        N/A       0%          3
 Sigil of Binding         Hex            94%        N/A       0%          3
 Teleport Other           Tloc           94%        N/A       0%          3
 Tukima's Dance           Hex            94%        N/A       0%          3
 Volatile Blastmotes      Fire/Tloc      100%       2d18      0%          3
 Anguish                  Hex/Necr       49%        N/A       0%          4
 Animate Armour           Summ/Erth      100%       N/A       0%          4
 Cause Fear               Hex            47%        N/A       0%          4
 Dimensional Bullseye     Hex/Tloc       47%        N/A       0%          4
 Dispel Undead            Necr           100%       3d31      0%          4
 Flame Wave               Conj/Fire      95%        2d20      0%          4
 Fulminant Prism          Conj/Hex       47%        3d21      0%          4
 Iskenderun's Mystic Bla  Conj/Tloc      94%        2d18      0%          4
 Olgreb's Toxic Radiance  Pois           94%        N/A       0%          4
 Sticky Flame             Conj/Fire      95%        2d10      0%          4
 Summon Ice Beast         Ice/Summ       94%        N/A       0%          4
 Summon Lightning Spire   Summ/Air       94%        N/A       0%          4
 Alistair's Intoxication  Tmut/Pois      62%        N/A       1%          5
 Fireball                 Conj/Fire      47%        3d19      1%          5
 Freezing Cloud           Conj/Ice/Air   47%        6-21      1%          5
 Metabolic Englaciation   Hex/Ice        47%        N/A       1%          5
 Summon Forest            Summ/Tloc      47%        N/A       1%          5
 Summon Mana Viper        Hex/Summ       94%        N/A       1%          5
 Yara's Violent Unravell  Hex/Tmut       47%        3d18      1%          5
 Conjure Ball Lightning   Conj/Air       47%        3x3d16    1%          6
 Death Channel            Necr           52%        N/A       1%          6
 Dispersal                Tloc           47%        N/A       1%          6
 Simulacrum               Ice/Necr       49%        N/A       1%          6
 Starburst                Conj/Fire      47%        6d13      1%          6
 Summon Cactus Giant      Summ           47%        N/A       1%          6
 Enfeeble                 Hex            47%        N/A       1%          7
 Lehudib's Crystal Spear  Conj/Erth      47%        10d11     1%          8
 Discord                  Hex            47%        N/A       5%          8
 Fire Storm               Conj/Fire      47%        8d12      17%         9
 Chain Lightning          Conj/Air       47%        3d62      19%         9
 Shatter                  Erth           47%        3d36*     21%         9


Dungeon Overview and Level Annotations

Branches:
Dungeon (15/15)            Temple (1/1) D:5            Lair (5/5) D:9
 Shoals (4/4) Lair:2       Spider (4/4) Lair:3        Slime (5/5) Lair:4
    Orc (2/2) D:9             Elf (3/3) Orc:2        Vaults (5/5) D:14
  Crypt (0/3) Vaults:2     Depths (4/4) D:15            Zot (5/5) Depths:4
  IceCv (visited)

Altars:
Ashenzari
Cheibriados
Dithmenos
Elyvilon
Fedhas
Gozag
Hepliaklqana
Kikubaaqudgha
Makhleb
Nemelex Xobeh
Okawaru
Qazlal
Ru
Sif Muna
Trog
Uskayaw
Vehumet
Wu Jian
Xom
Yredelemnul
Zin
The Shining One
Jiyva

Shops:
D:1 [   D:6 (!(   D:8 =   D:12 *   D:14 =!   Orc:1 (   Orc:2 ?(?=   Elf:2 =:([?
Shoals:1 *[(*(   Vaults:4 :   Depths:2 *

Portals:
Hell: Depths:1 Depths:2 Depths:3 Depths:4
Abyss: Depths:1 Depths:3
Pandemonium: Orc:2 Depths:2
Ziggurat: Depths:1

Annotations:
D:2 exclusion: downstairs
D:3 Terence
D:5 exclusions: downstairs and 6 more exclusions, Dowan
D:6 exclusion: downstairs
D:7 exclusions: boulder beetle and downstairs
Lair:5 4 runed translucent doors, Syrassil's ghost, journeyman KoFi
Shoals:2 exclusion: 2 downstairs
Shoals:3 exclusion: downstairs, Roxanne
Orc:1 2 transporters, Syrassil's ghost, journeyman DgGl
Elf:1 8 runed translucent doors
Elf:2 3 runed translucent doors, exclusion: 3 doors, Opo Tac's ghost, journeyman OpSh
Vaults:3 exclusion: downstairs
Vaults:4 2 transporters, exclusion: orange crystal statue
Depths:2 1 runed translucent door, 1 transporter, 2 exclusions
Zot:5 exclusions: obsidian statue and upstairs


Innate Abilities, Weirdness & Mutations

You have very sharp teeth.
Your uncanny sense of smell can sniff out nearby items.
Your experience applies equally to all skills.
You are robust. (+10% HP)
You occasionally shout uncontrollably at your foes.


Message History

You climb upwards.
There is a stone staircase leading down here.
A hell beast comes into view.
There is a stone staircase leading up here.
You climb upwards.
Level annotation: exclusions: boulder beetle and downstairs
There is a stone staircase leading down here.
There is an open door here.
There is an open door here.
There is a stone staircase leading up here.
You climb upwards.
Level annotation: exclusion: downstairs
There is a stone staircase leading down here.
There is a stone staircase leading up here.
You climb upwards.
Level annotation: exclusions: downstairs and 6 more exclusions, Dowan
There is a stone staircase leading down here.
There is a stone staircase leading up here.
You climb upwards.
There is a stone staircase leading down here.
There is a stone staircase leading up here.
You climb upwards.
Level annotation: Terence
There is a stone staircase leading down here.
There is a stone staircase leading up here.
You climb upwards.
Level annotation: exclusion: downstairs
There is a stone staircase leading down here.
There is a stone staircase leading up here.
You climb upwards.
There is a stone staircase leading down here.
You open the door.
There is an open door here.
You open the door.
There is an open door here.
There is an escape hatch in the floor here.
There is a staircase leading out of the dungeon here.
Unknown command.
Unknown command.
You have escaped!

#####.#>.######..............
#............................
#............................
#..########'########.........
#..####.........####..#......
#..##.........⌠...##..#......
#..#......#'#...⌠..#...#####.
#..+.....##>##.....'....####.
#..+.....##@##.....'.........
#..#..⌠...#'#......#...#.....
###..##...⌠.........##.....####
#....####.........####....#####
#....########'########.........
#.(......................######
#........................#
#........................######
#.............................(


There were no monsters in sight!

Vanquished Creatures
  the Royal Jelly (Slime:5)
  6 ancient liches
  7 dread liches (Zot:5)
  6 orbs of fire
  Mennas (Vaults:5)
  A juggernaut (Depths:4)
  Josephina (Depths:3)
  5 Killer Klowns
  Frederick (Depths:3)
  3 caustic shrikes
  6 golden dragons
  Norris (Depths:3)
  Arachne (Spider:3)
  A bone dragon (Depths:4)
  5 electric golems
  Jorgrun (Spider:3)
  10 tentacled monstrosities
  27 Orb Guardians
  Asterion (Elf:3)
  3 titans (Vaults:5)
  10 quicksilver dragons
  2 deep elf master archers (Elf:3)
  A walking divine tome (Depths:4)
  23 acid blobs
  A walking frostbound tome (Depths:3)
  A deep elf blademaster (Elf:3)
  4 death cobs
  A kraken (Shoals:1)
  10 sphinxes
  7 tengu reavers
  A daeva (Shoals:4)
  Polyphemus (Shoals:3)
  6 shadow dragons
  9 storm dragons
  Aizul (Shoals:3)
  Agnes (Spider:2)
  Donald (Elf:3)
  7 draconian monks
  3 draconian knights
  13 azure jellies
  12 rockslimes
  11 deep elf sorcerers
  An emperor scorpion (shapeshifter) (D:14)
  6 fire giants
  A fire giant (shapeshifter) (Vaults:5)
  A balrug (Depths:4)
  An iron dragon (Vaults:5)
  A ghoul (Vaults:2)
  5 draconian scorchers
  5 emperor scorpions
  Louise (Shoals:3)
  3 deep elf elementalists (Elf:3)
  8 frost giants
  2 draconian shifters
  22 vault wardens
  2 orc warlords (Vaults:2)
  6 ghost moths
  5 quicksilver oozes
  16 very ugly things
  9 stone giants
  A reaper (IceCv)
  14 ironbound preservers
  10 formless jellyfish
  A caustic shrike skeleton (Depths:2)
  4 war gargoyles
  5 draconian stormcallers
  11 ironbound thunderhulks
  A broodmother (Spider:4)
  4 black draconians
  2 green draconians
  A vampire knight (Vaults:2)
  4 spriggan defenders
  7 yellow draconians
  7 purple draconians
  A bunyip (shapeshifter) (Vaults:5)
  9 deep elf annihilators
  Azrael (D:15)
  7 deep elf demonologists
  5 dire elephants
  10 spark wasps
  4 white draconians
  5 red draconians
  Snorg (D:14)
  10 ettins
  A blizzard demon (Depths:4)
  8 entropy weavers
  2 crystal guardians (Vaults:2)
  10 merfolk impalers
  3 deep elf death magi
  5 fire dragons
  11 yaktaur captains
  9 deep elf high priests
  8 merfolk javelineers
  11 great orbs of eyes
  6 ice dragons
  Harold (D:9)
  32 vault guards
  Fannar (Lair:1)
  A hell beast (Depths:2)
  3 peacekeepers
  A rakshasa (Depths:1)
  4 catoblepae
  Erolcha (D:9)
  2 demonspawn (Orc:2)
  15 hydras
  6 ironbound frosthearts
  2 ogre magi
  Erica (D:8)
  13 centaur warriors
  2 jorogumos (Spider:2)
  6 two-headed ogres
  A merfolk avatar (Shoals:2)
  3 alligator snapping turtles
  20 dancing weapons
  2 radroaches
  2 spriggan air magi (Depths:3)
  11 boulder beetles
  A satyr (Shoals:3)
  4 deep troll shamans
  5 tengu warriors
  4 merfolk aquamancers
  8 death yaks
  5 deep troll earth magi
  3 vampire magi
  An occultist (Depths:1)
  9 demonic crawlers
  Urug (Lair:2)
  16 hell knights
  5 orc high priests
  13 deep elf knights
  2 soul eaters (Depths:4)
  10 sun demons
  A titan skeleton (Depths:2)
  2 sun moths
  14 skysharks
  6 iron trolls
  4 shadow wraiths
  Lodul (D:12)
  3 cherubim (Shoals:4)
  6 pharaoh ants
  2 quicksilver dragon simulacra (Depths:4)
  8 sea snakes
  15 skeletal warriors
  A storm dragon skeleton (D:15)
  An orb spider (shapeshifter) (Elf:2)
  A steelbarb worm (shapeshifter) (Depths:3)
  41 deep trolls
  A flayed ghost (Depths:4)
  3 phantasmal warriors
  37 harpies
  5 glowing orange brains
  18 ironbound convokers
  12 orb spiders
  11 deep elf archers
  11 orc knights
  10 steelbarb worms
  9 arcanists
  17 lindwurms
  14 deep elf pyromancers
  40 deep elf zephyrmancers
  8 necromancers
  36 wolf spiders
  13 fauns
  11 manticores
  9 orc sorcerers (Orc:2)
  6 cyclopes
  A salamander (Depths:3)
  4 shining eyes
  32 ugly things
  17 moths of wrath
  8 merfolk sirens
  2 moths of wrath (shapeshifter)
  2 rust devils
  An eye of devastation (shapeshifter) (D:15)
  20 elephants
  2 ice statues
  5 black mambas
  12 water nymphs
  18 vault sentinels
  A guardian serpent (shapeshifter) (D:15)
  2 gargoyles
  4 eyes of devastation
  12 torpor snails
  2 unseen horrors (D:12)
  2 kobold demonologists (D:12)
  10 cane toads
  A frost giant skeleton (Depths:2)
  7 rime drakes
  An efreet (D:15)
  5 freezing wraiths
  2 anaconda simulacra (IceCv)
  12 komodo dragons
  48 yaktaurs
  4 tengu conjurers
  A golden dragon simulacrum (Depths:3)
  12 trolls
  2 ice devils
  A troll (shapeshifter) (D:13)
  9 meliai
  A queen bee (shapeshifter) (Vaults:5)
  20 merfolk
  3 tyrant leeches (Lair:5)
  2 polar bears
  36 tarantellas
  A hornet (shapeshifter) (D:14)
  9 wind drakes
  11 snapping turtles
  19 hornets
  A hellwing (Orc:2)
  7 glass eyes
  A raiju (Zot:2)
  5 dream sheep
  2 spriggan zombies
  A slime creature (shapeshifter) (Depths:4)
  An iron dragon simulacrum (Depths:3)
  A centaur simulacrum (D:14)
  19 flying skulls
  33 jumping spiders
  18 culicivoras
  73 slime creatures
  4 water elementals
  A wraith (D:13)
  48 yaks
  2 air elementals (Elf:3)
  6 wyverns
  2 vampires
  4 spriggans
  A ynoxinul (Orc:2)
  2 shadows
  7 golden eyes
  4 basilisks
  7 fire elementals
  Grum (D:8)
  73 redbacks
  2 steam dragons
  6 vampire mosquitoes
  A harpy simulacrum (IceCv)
  2 death yak simulacra (IceCv)
  6 wargs
  3 acid dragons
  16 water moccasins
  2 hydra simulacra (IceCv)
  4 hell hounds
  4 ice beasts
  40 orc warriors
  A sky beast (D:7)
  6 black bears
  3 ettin simulacra (Depths:4)
  22 centaurs
  23 wolves
  21 ogres
  5 boggarts (D:15)
  2 phantoms
  Blork the orc (D:5)
  6 kobold brigands
  5 scorpions
  6 earth elementals
  15 bullfrogs
  A glowing shapeshifter simulacrum (Depths:3)
  4 two-headed ogre simulacra (IceCv)
  5 wights (D:9)
  2 cane toad simulacra (IceCv)
  A human simulacrum (Depths:3)
  18 killer bees
  2 elephant simulacra (IceCv)
  6 howler monkeys
  8 electric eels
  3 lava snakes (Lair:1)
  8 hounds
  A gnoll bouda (D:7)
  4 jellies
  30 orc priests
  10 iguanas
  An iguana (shapeshifter) (Vaults:5)
  4 sleepcaps
  27 orc wizards
  6 hell rats (Lair:5)
  3 polar bear simulacra (IceCv)
  7 troll simulacra (IceCv)
  6 spriggan simulacra
  16 gnolls
  6 naga simulacra (IceCv)
  6 adders
  A shadow imp (D:8)
  7 white imps (IceCv)
  7 ufetubi (IceCv)
  3 worms
  3 dart slugs
  92 orcs
  10 endoplasms
  2 giant cockroaches
  7 goblins
  14 hobgoblins
  3 jackals (D:3)
  2 quokkas
  9 ball pythons
  13 bats
  9 frilled lizards
  17 kobolds
  7 rats
2383 creatures vanquished.

Vanquished Creatures (collateral kills)
  Bai Suzhen (Vaults:3)
  A tengu reaver (Vaults:5)
  A rockslime (Slime:5)
  A draconian shifter (Zot:3)
  A war gargoyle (Depths:4)
  A yellow draconian (Zot:3)
  A purple draconian (Zot:3)
  A white draconian (Zot:3)
  A yaktaur captain (Vaults:3)
  A merfolk impaler (Shoals:4)
  An orb spider (Spider:3)
  A shining eye (Slime:5)
  2 vault sentinels (Vaults:5)
  A jumping spider (Spider:3)
  2 fire elementals (D:15)
  A redback (Spider:3)
  2 ice beasts (D:9)
  A killer bee (D:10)
  A kobold (D:9)
22 creatures vanquished.

Vanquished Creatures (others)
  3 eldritch tentacles
  A death cob (Zot:2)
  Frances (D:12)
  A purple draconian (Depths:4)
  A soul eater (Depths:4)
  A deep elf knight (Elf:1)
  2 manticores (Shoals:3)
  A rime drake (D:9)
  A shadow (D:12)
  An ettin simulacrum (Depths:4)
  A kobold brigand (D:12)
  A killer bee (D:9)
  692 foxfires
  21 spectral weapons
  10 tentacles (Shoals:1)
738 creatures vanquished.

Grand Total: 3143 creatures vanquished

Notes
Turn   | Place    | Note
-------+----------+-------------------------------------------
     0 | D:1      | Sergey the Gnoll Fire Elementalist began the quest for the
                  | Orb.
     0 | D:1      | Reached XP level 1. HP: 13/13 MP: 6/6
   128 | D:1      | Reached XP level 2. HP: 19/19 MP: 4/7
   131 | D:1      | Learned a level 2 spell: Scorch
   396 | D:1      | Found a faded altar of an unknown god.
   502 | D:1      | Found Feasuapp's Antique Armour Boutique.
   601 | D:1      | Reached XP level 3. HP: 25/25 MP: 7/9
   656 | D:1      | Reached skill level 5 in Spellcasting
  1044 | D:2      | Reached skill level 1 in Invocations
  1659 | D:1      | Bought a polished robe for 114 gold pieces
  1659 | D:1      | Identified the +0 robe of Defiance {rF- Int+4} (You bought
                  | it in a shop on level 1 of the Dungeon)
  1711 | D:2      | Reached skill level 1 in Fighting
  1711 | D:2      | Reached skill level 1 in Short Blades
  1711 | D:2      | Reached skill level 1 in Long Blades
  1711 | D:2      | Reached skill level 1 in Axes
  1711 | D:2      | Reached skill level 1 in Maces & Flails
  1711 | D:2      | Reached skill level 1 in Polearms
  1711 | D:2      | Reached skill level 1 in Staves
  1711 | D:2      | Reached skill level 1 in Ranged Weapons
  1711 | D:2      | Reached skill level 1 in Throwing
  1711 | D:2      | Reached skill level 1 in Armour
  1711 | D:2      | Reached skill level 1 in Shields
  1711 | D:2      | Reached skill level 1 in Unarmed Combat
  1711 | D:2      | Reached skill level 1 in Evocations
  1903 | D:2      | Reached XP level 4. HP: 32/32 MP: 4/11
  2011 | D:3      | Reached skill level 1 in Shapeshifting
  2107 | D:3      | Reached skill level 1 in Hexes
  2107 | D:3      | Reached skill level 1 in Summonings
  2107 | D:3      | Reached skill level 1 in Necromancy
  2107 | D:3      | Reached skill level 1 in Translocations
  2107 | D:3      | Reached skill level 1 in Transmutations
  2107 | D:3      | Reached skill level 1 in Ice Magic
  2107 | D:3      | Reached skill level 1 in Air Magic
  2107 | D:3      | Reached skill level 1 in Earth Magic
  2107 | D:3      | Reached skill level 1 in Poison Magic
  2399 | D:3      | Noticed Terence
  2523 | D:3      | Reached XP level 5. HP: 37/37 MP: 8/12
  3717 | D:4      | Found a sacrificial altar of Ru.
  3779 | D:4      | Reached XP level 6. HP: 44/44 MP: 7/13
  4274 | D:4      | Reached skill level 5 in Dodging
  4705 | D:4      | Found a shimmering altar of Xom.
  4847 | D:5      | Entered Level 5 of the Dungeon
  4876 | D:5      | Noticed Dowan
  4924 | D:5      | Reached XP level 7. HP: 50/50 MP: 10/15
  5182 | D:5      | Learned a level 4 spell: Flame Wave
  5415 | D:5      | Reached skill level 5 in Stealth
  5546 | D:5      | Noticed Blork the orc
  5722 | D:5      | Learned a level 3 spell: Inner Flame
  5761 | D:5      | Found a staircase to the Ecumenical Temple.
  6002 | D:5      | Reached XP level 8. HP: 50/57 MP: 6/16
  6243 | Temple   | Entered the Ecumenical Temple
  6268 | Temple   | Became a worshipper of Vehumet
  6793 | D:5      | Killed Blork the orc
  7204 | D:6      | Found Idemov's Weapon Emporium.
  7399 | D:6      | Found Makkenn's Distillery.
  7405 | D:6      | Bought a potion of heal wounds for 50 gold pieces
  7405 | D:6      | Bought a potion of curing for 30 gold pieces
  7458 | D:6      | Found a hazy altar of Hepliaklqana.
  7458 | D:6      | Found a glowing silver altar of Zin.
  7496 | D:6      | Reached skill level 6 in Dodging
  7590 | D:6      | Reached XP level 9. HP: 58/65 MP: 4/18
  7898 | D:6      | Found Ehyinimn's Antique Weapon Shoppe.
  8669 | D:7      | Reached * piety under Vehumet
  8669 | D:7      | Offered knowledge of Freeze by Vehumet.
  8811 | D:7      | Identified the +0 buckler "Foheyscho" {Rampage rElec Regen+
                  | Int-3}
  8894 | D:7      | Noticed a boulder beetle
  9221 | D:7      | Reached skill level 5 in Invocations
  9789 | D:7      | Learned a level 3 spell: Ozocubu's Armour
  9832 | D:8      | Identified the "Hetix"
  9922 | D:6      | Bought a potion of heal wounds for 50 gold pieces
 10018 | D:8      | You fall into a shaft and drop 2 floors!
 10018 | D:10     | Entered Level 10 of the Dungeon
 10105 | D:10     | Noticed a troll
 10114 | D:10     | Killed a troll
 10115 | D:10     | Reached skill level 5 in Fighting
 10115 | D:10     | Reached skill level 5 in Short Blades
 10115 | D:10     | Reached skill level 5 in Long Blades
 10115 | D:10     | Reached skill level 5 in Axes
 10115 | D:10     | Reached skill level 5 in Maces & Flails
 10115 | D:10     | Reached skill level 5 in Polearms
 10115 | D:10     | Reached skill level 5 in Staves
 10115 | D:10     | Reached skill level 5 in Ranged Weapons
 10115 | D:10     | Reached skill level 5 in Throwing
 10115 | D:10     | Reached skill level 5 in Armour
 10115 | D:10     | Reached skill level 5 in Shields
 10115 | D:10     | Reached skill level 5 in Unarmed Combat
 10115 | D:10     | Reached skill level 5 in Evocations
 10115 | D:10     | Reached XP level 10. HP: 74/74 MP: 6/20
 10476 | D:8      | Noticed Erica
 10552 | D:8      | Reached skill level 7 in Dodging
 10988 | D:8      | Reached ** piety under Vehumet
 10988 | D:8      | Offered knowledge of Sandblast by Vehumet.
 10988 | D:8      | Noticed Grum
 11381 | D:8      | Killed Grum
 11382 | D:8      | Reached skill level 5 in Conjurations
 11400 | D:8      | Reached skill level 5 in Shapeshifting
 12315 | D:8      | Found Faukhlile's Jewellery Shoppe.
 12419 | D:9      | Learned a level 3 spell: Frozen Ramparts
 12475 | D:9      | Reached XP level 11. HP: 81/81 MP: 10/22
 12691 | D:9      | Noticed Erolcha
 12720 | D:8      | Offered knowledge of Ignite Poison by Vehumet.
 12781 | D:8      | Reached skill level 5 in Hexes
 12781 | D:8      | Reached skill level 5 in Summonings
 12781 | D:8      | Reached skill level 5 in Necromancy
 12781 | D:8      | Reached skill level 5 in Translocations
 12781 | D:8      | Reached skill level 5 in Transmutations
 12781 | D:8      | Reached skill level 5 in Ice Magic
 12781 | D:8      | Reached skill level 5 in Air Magic
 12781 | D:8      | Reached skill level 5 in Earth Magic
 12781 | D:8      | Reached skill level 5 in Poison Magic
 13017 | D:10     | Found a glowing golden altar of the Shining One.
 13062 | D:10     | Found an iron altar of Okawaru.
 13240 | D:10     | Reached *** piety under Vehumet
 13973 | D:11     | Noticed a boulder beetle
 13992 | D:11     | Killed a boulder beetle
 14132 | D:11     | Offered knowledge of Sticky Flame by Vehumet.
 14133 | D:11     | Reached skill level 8 in Dodging
 14240 | D:11     | Found a glowing golden altar of the Shining One.
 14275 | D:11     | Noticed a two-headed ogre
 16156 | D:8      | Noticed a centaur warrior
 16188 | D:8      | Killed a centaur warrior
 16378 | D:8      | Noticed a tengu warrior
 17065 | D:8      | Noticed a skeletal warrior
 17369 | D:8      | Noticed a deep elf pyromancer
 18063 | D:8      | Killed a deep elf pyromancer
 18362 | D:8      | Learned a level 5 spell: Freezing Cloud
 18460 | D:9      | Noticed Harold
 20013 | D:9      | Reached XP level 12. HP: 89/89 MP: 16/24
 20224 | D:9      | Found a staircase to the Lair.
 20800 | D:9      | Killed Harold
 20824 | D:9      | Reached **** piety under Vehumet
 20847 | D:9      | Offered knowledge of Stone Arrow by Vehumet.
 20975 | D:9      | Found a staircase to the Orcish Mines.
 21045 | Lair:1   | Entered Level 1 of the Lair of Beasts
 21088 | Lair:1   | Learned a level 3 spell: Stone Arrow
 21118 | Lair:1   | Noticed Fannar
 21263 | Lair:1   | Killed Fannar
 21788 | Lair:1   | You fall into a shaft and drop 1 floor!
 21829 | Lair:2   | Noticed Urug
 21969 | Lair:2   | Reached skill level 9 in Dodging
 22173 | Lair:2   | Reached ***** piety under Vehumet
 22321 | Lair:2   | Noticed a death yak
 22344 | Lair:2   | Killed a death yak
 22351 | Lair:2   | Offered knowledge of Arcjolt by Vehumet.
 22491 | Lair:2   | Noticed a death yak
 22499 | Lair:2   | Killed a death yak
 22619 | Lair:2   | Found a staircase to the Shoals.
 23220 | Lair:1   | Reached XP level 13. HP: 93/98 MP: 26/26
 23782 | Lair:2   | Killed Urug
 24060 | Lair:3   | Found a hole to the Spider Nest.
 24573 | Lair:3   | Identified the +7 plate armour of the Sparrow {Harm rN+
                  | Will-}
 24741 | Lair:3   | Found a runed translucent door.
 25484 | Lair:4   | Reached skill level 10 in Spellcasting
 26175 | Lair:4   | Reached skill level 10 in Dodging
 26317 | Lair:4   | Found a staircase to the Slime Pits.
 26318 | Lair:4   | Found a viscous altar of Jiyva.
 26742 | Lair:5   | Entered Level 5 of the Lair of Beasts
 26754 | Lair:5   | Reached XP level 14. HP: 108/108 MP: 21/28
 26763 | Lair:5   | Reached skill level 10 in Stealth
 26960 | Lair:5   | Reached skill level 10 in Invocations
 27050 | Lair:5   | Offered knowledge of Conjure Ball Lightning by Vehumet.
 27476 | Lair:5   | Found a runed translucent door.
 28022 | Lair:5   | Noticed Syrassil's ghost (journeyman KoFi)
 28241 | Lair:5   | Found a runed translucent gate.
 28241 | Lair:5   | Found a runed translucent gate.
 28241 | Lair:5   | Found a runed translucent gate.
 29195 | Lair:5   | Offered knowledge of Irradiate by Vehumet.
 29204 | Lair:5   | Reached skill level 10 in Fire Magic
 29415 | Lair:5   | Learned a level 5 spell: Irradiate
 30027 | D:12     | Reached XP level 15. HP: 115/115 MP: 28/30
 30251 | D:12     | Identified the +0 plate armour "Simp" {rF+ Dex+4 Slay+2}
 30277 | D:12     | Found a blossoming altar of Fedhas.
 30430 | D:12     | Reached skill level 10 in Fighting
 30430 | D:12     | Reached skill level 10 in Short Blades
 30430 | D:12     | Reached skill level 10 in Long Blades
 30430 | D:12     | Reached skill level 10 in Axes
 30430 | D:12     | Reached skill level 10 in Maces & Flails
 30430 | D:12     | Reached skill level 10 in Polearms
 30430 | D:12     | Reached skill level 10 in Staves
 30430 | D:12     | Reached skill level 10 in Ranged Weapons
 30430 | D:12     | Reached skill level 10 in Throwing
 30430 | D:12     | Reached skill level 10 in Armour
 30430 | D:12     | Reached skill level 11 in Dodging
 30430 | D:12     | Reached skill level 10 in Shields
 30430 | D:12     | Reached skill level 10 in Unarmed Combat
 30430 | D:12     | Reached skill level 10 in Evocations
 30547 | D:12     | Noticed Frances
 30552 | D:12     | Killed Frances
 31053 | D:12     | Noticed Lodul
 31057 | D:12     | Killed Lodul
 31192 | D:12     | Found Gomiod's Assorted Antiques.
 31200 | D:12     | Bought a sedimented emerald potion for 25 gold pieces
 31200 | D:12     | Bought a scroll of amnesia for 112 gold pieces
 31783 | D:8      | Killed Erica
 32101 | D:8      | Bought the ring of Qamnoenn {rN++ rCorr Str+6 Int+9 Dex-4}
                  | for 904 gold pieces
 33467 | Orc:1    | Entered Level 1 of the Orcish Mines
 33839 | Orc:1    | Found Ysici's Antique Weapon Boutique.
 33941 | Orc:1    | Noticed Syrassil's ghost (journeyman DgGl)
 33959 | Orc:1    | Found a transporter.
 33963 | Orc:1    | Found a transporter.
 34354 | Orc:1    | Offered knowledge of Eringya's Noxious Bog by Vehumet.
 35062 | IceCv    | Identified the of Veriutyj
 35062 | Orc:2    | Entered Level 2 of the Orcish Mines
 35108 | Orc:2    | Learned a level 6 spell: Plasma Beam
 35119 | Orc:2    | Found a radiant altar of Vehumet.
 35233 | Orc:2    | Found a staircase to the Elven Halls.
 35244 | Orc:2    | Found a frozen archway.
 35251 | IceCv    | Entered an ice cave
 37319 | Orc:2    | Found Datilare's Magic Scroll Emporium.
 37325 | Orc:2    | Offered knowledge of Bombard by Vehumet.
 37355 | Orc:2    | Learned a level 6 spell: Bombard
 37903 | Orc:2    | Found Ozakh's Magic Scroll Shoppe.
 38114 | Orc:2    | Bought a scroll of blinking for 97 gold pieces
 38114 | Orc:2    | Bought a scroll of butterflies for 52 gold pieces
 38117 | Orc:2    | Bought a scroll of teleportation for 39 gold pieces
 38117 | Orc:2    | Bought a scroll of butterflies for 52 gold pieces
 38741 | Orc:2    | Found a shimmering blue altar of Sif Muna.
 38814 | Orc:2    | Reached XP level 16. HP: 124/124 MP: 16/31
 39281 | Orc:2    | Found Saism's Antique Weapon Shop.
 39281 | Orc:2    | Found Halenal's Jewellery Boutique.
 39282 | Orc:2    | Found a one-way gate leading to the halls of Pandemonium.
 39337 | Orc:2    | Bought a ring of willpower for 400 gold pieces
 39339 | Orc:2    | Bought a jewelled trident for 280 gold pieces
 39339 | Orc:2    | Identified the +9 trident "Dofimi" {heavy, Str-2 Dex+3 SInv
                  | Stlth+} (You bought it in a shop on level 2 of the Orcish
                  | Mines)
 39790 | D:9      | Killed Erolcha
 40085 | D:14     | Found Zimum's Distillery.
 40091 | D:14     | Bought a potion of haste for 110 gold pieces
 40091 | D:14     | Bought a potion of heal wounds for 55 gold pieces
 40091 | D:14     | Bought a potion of haste for 110 gold pieces
 40091 | D:14     | Bought a potion of heal wounds for 55 gold pieces
 40098 | D:14     | Noticed Snorg
 40100 | D:14     | Killed Snorg
 40101 | D:14     | Reached skill level 10 in Shapeshifting
 40146 | D:14     | Offered knowledge of Fireball by Vehumet.
 41718 | D:14     | an eleionoma changed into a shadow dragon
 41718 | D:14     | Noticed a shadow dragon (glowing shapeshifter)
 41719 | D:14     | a shadow dragon changed into an iron troll
 41724 | D:14     | Reached skill level 12 in Dodging
 41725 | D:14     | an iron troll changed into an azure jelly
 41725 | D:14     | Noticed an azure jelly (glowing shapeshifter)
 41726 | D:14     | an azure jelly changed into a fenstrider witch
 41726 | D:14     | Noticed a fenstrider witch (glowing shapeshifter)
 41727 | D:14     | a fenstrider witch changed into an emperor scorpion
 41873 | D:14     | Found a gate to the Vaults.
 42242 | D:14     | Reached skill level 10 in Necromancy
 42439 | D:14     | Found Akhelo's Jewellery Emporium.
 42604 | D:14     | Found a gateway to a bazaar.
 42844 | D:14     | Found the +3 giant club "Skullcrusher" {speed, Str+7}
 43083 | D:14     | Found a portal to a secret trove of treasure.
 43312 | D:15     | Entered Level 15 of the Dungeon
 43450 | D:15     | Reached ****** piety under Vehumet
 43974 | D:14     | Offered knowledge of Orb of Destruction by Vehumet.
 44163 | D:15     | Found a staircase to the Depths.
 44372 | D:15     | Noticed a sphinx
 44373 | D:15     | Killed a sphinx
 44546 | D:15     | Reached skill level 10 in Conjurations
 44578 | D:15     | Noticed Azrael
 44689 | D:15     | Killed Azrael
 44690 | D:15     | Reached XP level 17. HP: 114/131 MP: 21/33
 45623 | Shoals:1 | Entered Level 1 of the Shoals
 45623 | Shoals:1 | Found Vietuf's Weapon Shop.
 45913 | Shoals:1 | Noticed a kraken
 45937 | Shoals:1 | Killed a kraken
 47025 | Shoals:1 | Found Bacaxt's Visitors' Centre.
 47286 | Shoals:1 | Found Bacaxt's Merfolk Armours.
 47286 | Shoals:1 | Found Bacaxt's Merfolk Weapons.
 47286 | Shoals:1 | Found Bacaxt's Merfolk Magic.
 47294 | Shoals:1 | Reached skill level 10 in Hexes
 47294 | Shoals:1 | Reached skill level 10 in Summonings
 47294 | Shoals:1 | Reached skill level 10 in Translocations
 47294 | Shoals:1 | Reached skill level 10 in Transmutations
 47294 | Shoals:1 | Reached skill level 10 in Ice Magic
 47294 | Shoals:1 | Reached skill level 10 in Air Magic
 47294 | Shoals:1 | Reached skill level 10 in Earth Magic
 47294 | Shoals:1 | Reached skill level 10 in Poison Magic
 49249 | Shoals:3 | Noticed Polyphemus
 49287 | Shoals:3 | Killed Polyphemus
 49504 | Shoals:3 | Noticed Roxanne
 49705 | Shoals:3 | Identified the serpent talisman "Mezassum" {rF+ Dex+3}
 49705 | Shoals:3 | Noticed Aizul
 49723 | Shoals:3 | Killed Aizul
 49724 | Shoals:3 | Reached skill level 13 in Dodging
 50170 | Shoals:3 | Reached XP level 18. HP: 127/140 MP: 35/35
 50172 | Shoals:3 | Noticed Louise
 50284 | Shoals:3 | Killed Louise
 50702 | Shoals:4 | Entered Level 4 of the Shoals
 51698 | Shoals:4 | Offered knowledge of Polar Vortex by Vehumet.
 51698 | Shoals:4 | Offered knowledge of Ignition by Vehumet.
 51698 | Shoals:4 | Offered knowledge of Maxwell's Capacitive Coupling by
                  | Vehumet.
 52109 | Shoals:4 | Found a glowing golden altar of the Shining One.
 52973 | Spider:1 | Entered Level 1 of the Spider Nest
 53482 | Lair:3   | Learned a level 7 spell: Ozocubu's Refrigeration
 53953 | Vaults:5 | Identified the of Pexul
 53953 | Crypt:3  | Identified the "Rewagyu"
 53953 | Depths:2 | Identified the of Gaz Qygg
 53953 | Depths:2 | Identified the of Roekat
 53953 | Elf:1    | Identified the of Zufezeg
 53953 | Elf:1    | Entered Level 1 of the Elven Halls
 55274 | Elf:1    | Reached XP level 19. HP: 133/149 MP: 10/36
 55969 | Elf:1    | Found a huge runed translucent gate.
 55971 | Elf:1    | Found a huge runed translucent gate.
 55971 | Elf:1    | Found a huge runed translucent gate.
 55971 | Elf:1    | Found a huge runed translucent gate.
 55972 | Elf:1    | Found a huge runed translucent gate.
 55972 | Elf:1    | Found a huge runed translucent gate.
 55972 | Elf:1    | Identified the +2 double sword of Division {vamp, +Blink
                  | Fly rF- Str+4}
 55975 | Elf:1    | Found a huge runed translucent gate.
 55975 | Elf:1    | Found a huge runed translucent gate.
 56657 | Elf:1    | Identified the +4 double sword of the Gnashing Gods
                  | {freeze, rElec rC- Str+6 Int+2}
 56734 | Elf:2    | Found Huddithi's Antique Armour Emporium.
 56817 | Elf:2    | Found Hiuguih's Magic Scroll Boutique.
 56826 | Elf:2    | Bought a scroll of blinking for 90 gold pieces
 56826 | Elf:2    | Bought a scroll of teleportation for 36 gold pieces
 56826 | Elf:2    | Bought a scroll of revelation for 90 gold pieces
 57016 | Elf:2    | Found Fir Taus's Book Shoppe.
 57189 | Elf:2    | Found Tunebixt's Weapon Boutique.
 57420 | Elf:2    | Found a runed translucent gate.
 57421 | Elf:2    | Found a runed translucent gate.
 57421 | Elf:2    | Found a runed translucent gate.
 57593 | Elf:2    | Found a runed translucent gate.
 57593 | Elf:2    | Found a runed translucent gate.
 57593 | Elf:2    | Found a runed translucent gate.
 57594 | Elf:2    | Noticed Opo Tac's ghost (journeyman OpSh)
 57934 | Elf:2    | Found Keppipunn's Jewellery Shoppe.
 58104 | Elf:2    | Reached skill level 14 in Dodging
 58470 | Elf:3    | Identified the "Ibyoh"
 58470 | Elf:3    | Identified the of Ynien
 58470 | Elf:3    | Identified the "Evvost"
 58470 | Elf:3    | Identified the "Ynem"
 58470 | Elf:3    | Identified the of Juzat
 58470 | Elf:3    | Entered Level 3 of the Elven Halls
 58960 | Elf:3    | Noticed Asterion
 58966 | Elf:3    | Killed Asterion
 59423 | Elf:3    | Noticed Donald
 59428 | Elf:3    | Killed Donald
 59576 | Elf:3    | Identified the +6 battleaxe of Honour {flame, Fly rC+
                  | Dex+3}
 61280 | Elf:3    | Identified the +0 robe "Huang" {-Tele rPois rN+++ Int-5}
 61280 | Elf:3    | Identified the amulet of Kaizahi {RegenMP rElec Str+6}
 61843 | Elf:3    | Identified the ring of Roacing {Wiz rPois rC+ Will+ MP-9}
 62276 | Elf:3    | Identified the +2 falchion of the Big Fish {drain, *Rage
                  | Int+5}
 63080 | Elf:3    | Reached XP level 20. HP: 149/158 MP: 30/38
 63823 | Elf:3    | Identified the staff "Cififiam" {Str+2 Conj}
 63834 | Elf:3    | Identified the dragon-blood talisman "Solodum" {Str+3
                  | Slay+3}
 65236 | Shoals:4 | Found a white marble altar of Elyvilon.
 65253 | Shoals:4 | Got a barnacled rune of Zot
 65314 | Shoals:4 | Reached skill level 15 in Invocations
 65576 | Shoals:4 | Found a glowing silver altar of Zin.
 65928 | Vaults:1 | Entered Level 1 of the Vaults
 69043 | Vaults:2 | Reached skill level 15 in Spellcasting
 70609 | Vaults:2 | Reached skill level 15 in Dodging
 70735 | Vaults:2 | Reached XP level 21. HP: 166/166 MP: 28/40
 70741 | Vaults:2 | Noticed an ancient lich
 71181 | Spider:1 | Reached skill level 15 in Stealth
 72341 | Spider:1 | Found the +5 moon troll leather armour {Spirit, Regen++
                  | MP+5}
 72786 | Spider:2 | Reached skill level 15 in Necromancy
 73153 | Spider:2 | Identified the +5 short sword of Nathriz {pain, Will- Int+4
                  | SInv}
 73392 | Spider:2 | Noticed Agnes
 73398 | Spider:2 | Killed Agnes
 73867 | Spider:3 | Noticed Arachne
 73867 | Spider:3 | Noticed Jorgrun
 73870 | Spider:3 | Killed Jorgrun
 73880 | Spider:3 | Killed Arachne
 74638 | Spider:3 | Learned a level 8 spell: Ignition
 74641 | Spider:3 | Identified the ring "Caibup" {rC+ AC+4}
 75035 | Spider:4 | Entered Level 4 of the Spider Nest
 75904 | Spider:4 | Reached skill level 15 in Fighting
 75904 | Spider:4 | Reached skill level 15 in Short Blades
 75904 | Spider:4 | Reached skill level 15 in Long Blades
 75904 | Spider:4 | Reached skill level 15 in Axes
 75904 | Spider:4 | Reached skill level 15 in Maces & Flails
 75904 | Spider:4 | Reached skill level 15 in Polearms
 75904 | Spider:4 | Reached skill level 15 in Staves
 75904 | Spider:4 | Reached skill level 15 in Ranged Weapons
 75904 | Spider:4 | Reached skill level 15 in Throwing
 75904 | Spider:4 | Reached skill level 15 in Armour
 75904 | Spider:4 | Reached skill level 15 in Shields
 75904 | Spider:4 | Reached skill level 15 in Unarmed Combat
 75904 | Spider:4 | Reached skill level 15 in Evocations
 76296 | Spider:4 | Reached XP level 22. HP: 166/175 MP: 7/41
 76932 | Spider:4 | Got a gossamer rune of Zot
 78519 | Vaults:2 | Found a staircase to the Crypt.
 78921 | Vaults:2 | Identified the +2 fire dragon scales "Wugem" {Rampage *Slow
                  | rF++ rC- Dex+9}
 79375 | Bazaar   | Entered a bazaar
 79375 | Bazaar   | Found Eviewkod's General Store.
 79381 | Bazaar   | Found Vysofuom's Armour Emporium.
 79400 | Bazaar   | Found Xushatz's General Store.
 79410 | Bazaar   | Found Oceesei's Magic Scroll Shoppe.
 79415 | Bazaar   | Found Nollep's Jewellery Shoppe.
 79457 | Bazaar   | Bought a potion of heal wounds for 45 gold pieces
 79457 | Bazaar   | Bought a potion of resistance for 90 gold pieces
 79457 | Bazaar   | Bought a scroll of teleportation for 27 gold pieces
 79457 | Bazaar   | Bought a scroll of fear for 36 gold pieces
 79486 | Bazaar   | Bought a potion of mutation for 88 gold pieces
 79486 | Bazaar   | Bought a potion of curing for 33 gold pieces
 79493 | Bazaar   | Bought a scroll of fog for 56 gold pieces
 79493 | Bazaar   | Bought a scroll of teleportation for 42 gold pieces
 79594 | D:12     | Bought a box of beasts for 1120 gold pieces
 79813 | Vaults:3 | Reached skill level 16 in Dodging
 81292 | Vaults:3 | Noticed Bai Suzhen
 81314 | Vaults:3 | Killed Bai Suzhen
 82129 | Vaults:4 | Reached XP level 23. HP: 183/183 MP: 22/43
 82350 | Vaults:4 | Found Cufetutu's Book Emporium.
 82981 | Vaults:4 | Found a transporter.
 82993 | Vaults:4 | Found a transporter.
 83491 | Vaults:2 | Killed an ancient lich
 83822 | D:6      | Bought 3 potions of curing for 90 gold pieces
 83822 | D:6      | Bought a potion of mutation for 80 gold pieces
 83822 | D:6      | Bought a potion of magic for 80 gold pieces
 83822 | D:6      | Bought a potion of heal wounds for 50 gold pieces
 83822 | D:6      | Bought a potion of curing for 30 gold pieces
 83822 | D:6      | Bought a potion of magic for 80 gold pieces
 83822 | D:6      | Bought a potion of mutation for 80 gold pieces
 83822 | D:6      | Bought a potion of resistance for 100 gold pieces
 83831 | D:6      | Learned a level 8 spell: Maxwell's Capacitive Coupling
 84001 | Slime:1  | Entered Level 1 of the Pits of Slime
 85468 | Slime:4  | Gained mutation: Your magical capacity is low. (-10% MP) [a
                  | shining eye]
 85516 | Slime:5  | Entered Level 5 of the Pits of Slime
 85985 | Slime:5  | Noticed the Royal Jelly
 86010 | Slime:5  | Killed the Royal Jelly
 86011 | Slime:5  | Reached skill level 15 in Shapeshifting
 86633 | Slime:5  | Gained mutation: Your magical capacity is very low. (-20%
                  | MP) [a shining eye]
 86634 | Slime:5  | Reached XP level 24. HP: 192/192 MP: 3/35
 86646 | Slime:5  | Lost mutation: Your magical capacity is very low. (-20% MP)
                  | [potion of mutation]
 86646 | Slime:5  | Lost mutation: Your magical capacity is low. (-10% MP)
                  | [potion of mutation]
 86646 | Slime:5  | Gained mutation: Your mind is acute. (Int +4, Str/Dex -1)
                  | [potion of mutation]
 86646 | Slime:5  | Lost mutation: Your mind is acute. (Int +4, Str/Dex -1)
                  | [potion of mutation]
 86646 | Slime:5  | Gained mutation: You are robust. (+10% HP) [potion of
                  | mutation]
 86804 | Slime:5  | Identified the +5 arbalest of Huoweamn {freeze, Contam rC+
                  | Dex+3}
 86886 | Slime:5  | Identified the quicksilver dragon scales of Qihuifac {rC-
                  | Will+ Regen+ rCorr}
 86887 | Slime:5  | Identified the +5 rapier "Vinwouh" {protect, Contam rPois
                  | rC++}
 86906 | Slime:5  | Identified the +5 sling of Skirmishing {drain, rC+ Dex+3}
 86959 | Slime:5  | Got a slimy rune of Zot
 86966 | Slime:5  | Identified the +1 morningstar of Action {protect, *Corrode
                  | rC+ Dex+3}
 87339 | D:14     | You paid a toll of +5 fire dragon scales to enter a
                  | treasure trove
 87340 | Trove    | Entered a treasure trove
 87348 | Trove    | Identified the +0 pair of boots "Foschoov" {rF+ Slay+3}
 87350 | Trove    | Identified the amulet "Besh" {Acrobat rN+ Dex+10 Slay-3}
 87354 | Trove    | Identified the amulet "Vilu" {Reflect Will+ Str+3 SH+5}
 87373 | Trove    | Identified the +5 broad axe "Zacun" {vamp, MP+9 SInv}
 87603 | Orc:2    | Bought a scroll of enchant weapon for 97 gold pieces
 87603 | Orc:2    | Bought a scroll of fog for 52 gold pieces
 87603 | Orc:2    | Bought a scroll of enchant weapon for 97 gold pieces
 87603 | Orc:2    | Bought a scroll of fog for 52 gold pieces
 87780 | D:6      | Bought 5 silver javelins for 495 gold pieces
 88261 | Depths:1 | Entered Level 1 of the Depths
 88497 | Depths:1 | Found a one-way gateway to a ziggurat.
 88642 | Depths:1 | Reached skill level 17 in Dodging
 88948 | Depths:1 | Found a radiant altar of Vehumet.
 89041 | Depths:1 | Found a gateway to Hell.
 89330 | Depths:1 | Found an ornate altar of the Wu Jian Council.
 89536 | Depths:1 | Found a one-way gate to the infinite horrors of the Abyss.
 89762 | Depths:2 | Reached skill level 15 in Fire Magic
 90639 | Depths:2 | Found Myravar's Assorted Antiques.
 90647 | Depths:2 | Bought a scroll of enchant weapon for 337 gold pieces
 90647 | Depths:2 | Bought a scroll of fog for 180 gold pieces
 90647 | Depths:2 | Bought a scroll of teleportation for 135 gold pieces
 90717 | Depths:2 | Identified a scroll of acquirement
 90726 | Depths:2 | Acquired 721 gold pieces
 90929 | Depths:2 | Found a runed translucent door.
 90955 | Depths:2 | Found a transporter.
 92404 | Depths:3 | Noticed Norris
 92408 | Depths:3 | Killed Norris
 93167 | Depths:3 | Noticed Frederick
 93169 | Depths:3 | Killed Frederick
 93326 | Depths:3 | Identified the ring of the Sharp God {Ice rElec Str+5
                  | Dex+4}
 93326 | Depths:3 | Noticed Josephina
 93330 | Depths:3 | Killed Josephina
 94643 | Depths:4 | Entered Level 4 of the Depths
 94970 | Depths:4 | Reached skill level 18 in Dodging
 95610 | Depths:4 | Reached XP level 25. HP: 197/221 MP: 21/44
 95842 | Depths:4 | Found an ornate altar of the Wu Jian Council.
 97546 | Depths:4 | Found a hide-covered altar of Uskayaw.
 98326 | Depths:4 | Found a gate to the Realm of Zot.
 98641 | Depths:4 | Found an ancient bone altar of Kikubaaqudgha.
 98707 | Depths:4 | Noticed a juggernaut
 98710 | Depths:4 | Killed a juggernaut
 98944 | Depths:4 | Found a shadowy altar of Dithmenos.
 99470 | Vaults:5 | Entered Level 5 of the Vaults
 99473 | Vaults:5 | Reached skill level 15 in Conjurations
 99597 | Vaults:5 | Reached skill level 19 in Dodging
 99765 | Vaults:5 | Reached skill level 15 in Hexes
 99765 | Vaults:5 | Reached skill level 15 in Summonings
 99765 | Vaults:5 | Reached skill level 15 in Translocations
 99765 | Vaults:5 | Reached skill level 15 in Transmutations
 99765 | Vaults:5 | Reached skill level 15 in Ice Magic
 99765 | Vaults:5 | Reached skill level 15 in Air Magic
 99765 | Vaults:5 | Reached skill level 15 in Earth Magic
 99765 | Vaults:5 | Reached skill level 15 in Poison Magic
 99817 | Vaults:5 | Noticed Mennas
 99894 | Vaults:5 | Identified the staff of Mengicol {rPois rF+ Poison}
100106 | Vaults:5 | Identified the ring of Xom's Malicious Joy {Fire Drain Fly
                  | rCorr}
100107 | Vaults:5 | Identified the ring of the Median {Wiz rCorr}
100122 | Vaults:5 | Reached XP level 26. HP: 231/231 MP: 38/45
100826 | Vaults:5 | Noticed an ancient lich
100830 | Vaults:5 | Killed an ancient lich
100831 | Vaults:5 | Found the +7 mace of Variability {chaos, chaos arc}
100839 | Vaults:5 | Identified the staff of Untruth {rPois Will+ Poison}
100853 | Vaults:5 | Got a silver rune of Zot
100857 | Vaults:5 | Identified the +0 ring mail of Prudence {+Inv Int+3 Dex+4}
101180 | Vaults:5 | Identified the +4 chain mail "Plog" {+Inv rC+ Str-5 Int+5}
102135 | Vaults:5 | Identified the +5 chain mail of the Game Afoot {Int+3}
102154 | Vaults:5 | Noticed an ancient lich
102159 | Vaults:5 | Killed an ancient lich
102382 | Vaults:5 | Identified the +0 robe of the Locust {Dex+2}
102535 | Vaults:5 | Killed Mennas
102842 | Vaults:5 | Learned a level 7 spell: Malign Gateway
103463 | Zot:1    | Entered Level 1 of the Realm of Zot
104425 | Zot:3    | Noticed a Killer Klown
104435 | Zot:2    | Killed a Killer Klown
104534 | Zot:2    | Reached skill level 20 in Dodging
104916 | Zot:3    | Noticed an orb of fire
104923 | Zot:3    | Killed an orb of fire
105502 | Zot:5    | Entered Level 5 of the Realm of Zot
105760 | Zot:5    | Noticed a Killer Klown
105782 | Zot:5    | Killed a Killer Klown
105952 | Zot:5    | Noticed a dread lich
105957 | Zot:5    | Killed a dread lich
106428 | Zot:5    | Reached XP level 27. HP: 240/240 MP: 9/45
106791 | Zot:5    | Noticed an ancient lich
106801 | Zot:5    | Killed an ancient lich
106829 | Zot:5    | Noticed an ancient lich
106833 | Zot:5    | Killed an ancient lich
107033 | Zot:5    | Noticed an orb of fire
107039 | Zot:5    | Killed an orb of fire
107065 | Zot:5    | Noticed an ancient lich
107074 | Zot:5    | Killed an ancient lich
107077 | Zot:5    | Noticed a dread lich
107082 | Zot:5    | Killed a dread lich
107139 | Zot:5    | Noticed an orb of fire
107144 | Zot:5    | Killed an orb of fire
107193 | Zot:5    | Noticed a dread lich
107197 | Zot:5    | Noticed a dread lich
107198 | Zot:5    | Killed a dread lich
107206 | Zot:5    | Killed a dread lich
107520 | Zot:5    | Noticed an orb of fire
107527 | Zot:5    | Gained mutation: You occasionally shout uncontrollably at
                  | your foes. [an orb of fire]
107528 | Zot:5    | Killed an orb of fire
107664 | Zot:5    | Reached skill level 21 in Dodging
108207 | Zot:5    | Noticed a dread lich
108213 | Zot:5    | Killed a dread lich
108217 | Zot:5    | Noticed a dread lich
108246 | Zot:5    | Killed a dread lich
108261 | Zot:5    | Noticed a dread lich
108448 | Zot:5    | Killed a dread lich
108493 | Zot:5    | Noticed an orb of fire
108499 | Zot:5    | Killed an orb of fire
108510 | Zot:5    | Noticed an orb of fire
108516 | Zot:5    | Killed an orb of fire
109513 | Zot:5    | Got the Orb of Zot
110038 | D:$      | Escaped with the Orb!

Illustrated notes

Levels and vault maps discovered:
D:1:      dpeg_arrival_refuge, layout_rooms, serial_shops, shop,
          shapermc_ecumenical_altar_ellora
D:2:      layout_basic, nicolae_figureground_pulse
D:3:      layout_rooms, nicolae_twisty_statue_hallways, uniq_terence
D:4:      layout_basic, nicolae_ru_awakened_eye, xom_confusion_cloud
D:5:      layout_loops_ring, minmay_temple_entry_mist, uniq_duvessa,
          uniq_blork_the_orc
D:6:      layout_basic, gammafunk_temple_overflow_wave, serial_shops, shop,
          nicolae_shop_competitors_out_of_business, nicolae_shop_rolling_square,
          kennysheep_small_square
D:7:      layout_gridville, serial_bayou_ford_a
D:8:      nzn_winding_woodlands_large [nzn_winding_woodlands_5x5_default,
          nzn_winding_woodlands_5x15_longhouse,
          nzn_winding_woodlands_5x5_perimeter,
          nzn_winding_woodlands_center_triple_pond,
          nzn_winding_woodlands_15x15_thick_spiral,
          nzn_winding_woodlands_center_lodge,
          nzn_winding_woodlands_5x5_closed_star,
          nzn_winding_woodlands_5x15_split_checker,
          nzn_winding_woodlands_5x5_open_star], layout_layer_cave, serial_shops,
          kennysheep_mini, uniq_grum, uniq_erica
D:9:      layout_cave_pods, hellmonk_lair_entry_icy, david_orc_1_choice,
          lightli_fourway_metalbox, uniq_erolcha, uniq_harold
D:10:     layout_basic, nicolae_overflow_squiral
D:11:     layout_loops_corners, nicolae_tso_carved_into_rock
D:12:     layout_roguey, serial_shops, shop, fedhas_bush_and_centaur_altar,
          uniq_frances, uniq_lodul
D:13:     layout_rooms
D:14:     layout_loops_ring, david_vaults_2, enter_trove_3, serial_shops,
          statue_bzr, shop, nicolae_shop_advertising_works
          [nicolae_subvault_shop_adworks], minmay_guarded_unrand_skullcrusher,
          uniq_snorg
D:15:     gammafunk_depths_entry_grave, layout_basic, chequers_jeans,
          minmay_checkered_concentric_circles, uniq_azrael
Temple:   regret_index_temple_sphere_string
Lair:1:   beast_lair_carwin_large_2, layout_misc_corridors,
          nicolae_lair_liquid_snakes, uniq_fannar
Lair:2:   layout_gridlike, shoals_dummy_entry, forest_entry_grove, uniq_urug
Lair:3:   gammafunk_lair_enchanted_lake, layout_regular_city,
          nicolae_spider_entry_lesser_pyramids, minivault_27, lemuel_fruit_tree
Lair:4:   layout_long_grid, slime_entry_1, chequers_serial_rivers_micro_c
Lair:5:   wormcave, layout_hall_layers, hangedman_lair_in_review,
          gammafunk_ghost_split, chequers_serial_rivers_room_a,
          infiniplex_staircase_pool
Shoals:1: nicolae_shoals_mermall, layout_shoals, serial_shops, shop,
          uniq_mlioglotl
Shoals:2: layout_shoals
Shoals:3: layout_shoals, nicolae_shoals_bring_sunscreen, uniq_louise,
          uniq_polyphemus, uniq_aizul, uniq_roxanne
Shoals:4: shoals_end_hellmonk_holy_island
Spider:1: cheibrodos_forgotten_conduit, beargit_elvish_explorers
Spider:2: layout_spider_delve, uniq_agnes
Spider:3: layout_spider_delve, nicolae_spider_nook, uniq_arachne, uniq_jorgrun
Spider:4: spider_rune_water, nicolae_spider_rock_and_or_roll
Slime:1:  layout_caves
Slime:2:  nicolae_slime_spelunking
Slime:3:  layout_caves
Slime:4:  layout_caves
Slime:5:  slime_pit_nicolae_block_by_block
Orc:1:    cheibrodos_orc_bank, layout_diamond_mine, serial_shops,
          nicolae_shop_back_alley_shop, gammafunk_ghost_arena
Orc:2:    pf_orc_diabolical, layout_caves, portal_ice_cave_entry_pillars_2,
          basic_altar, roderic_batcave, kennysheep_orc_sif_temple
Elf:1:    eino_elf_arrival_the_gate, layout_gridlike, minmay_elf_sorcery,
          nicolae_elf_double_double_double_trouble
Elf:2:    nicolae_elf_blades_crystal_corner, layout_loops_corners,
          gammafunk_ghost_split, serial_shops, shop_statue, shop,
          nicolae_shop_bloodbath_and_beyond, nicolae_stop_n_shop_1, shop_coins
Elf:3:    minmay_elf_hall_curves, layout_geoelf_octagon,
          serial_sigils_hangedman_clutch, st_stairs_4,
          small_chamber_with_monster, nicolae_elf_v_pinch,
          hangedman_elf_simple_split, uniq_asterion, uniq_donald
Vaults:1: v_misc_27, nicolae_vaults_yaktaur_gun_rack,
          nicolae_vaults_windows_and_doors_thing, v_misc_2,
          nicolae_vaults_apartment_1, v_rooms_6, vaults_room_hallway,
          nicolae_vaults_turnstiles, vaults_dpeg_doors,
          ontoclasm_vaults_loading_screen, vaults_room_pool,
          layout_vaults_big_cross
Vaults:2: nicolae_vaults_closet_pinwheel_6, st_greater_box_2,
          ontoclasm_vaults_chip, minmay_crypt_entry_simple_statues,
          nicolae_vaults_theta, ontoclasm_vaults_chip, v_misc_30,
          vaults_dpeg_ring, ontoclasm_vaults_decontamination,
          layout_vaults_chaotic_city
Vaults:3: nicolae_vaults_trapezoid_3, grunt_vaults_twisty,
          hangedman_vaults_maws, nicolae_vaults_ninety_degrees,
          nicolae_vaults_storage_closets_3, v_misc_32, nicolae_vaults_house_1,
          vaults_room_semicircle, nicolae_vaults_house_1,
          layout_vaults_quadrants, uniq_bai_suzhen
Vaults:4: nicolae_vaults_heart-shaped_vault, nicolae_vaults_heart-shaped_vault,
          hangedman_vaults_stitches, nicolae_vaults_little_squares_2,
          vaults_room_grunt_arrival_ludios, nicolae_vaults_asterisk, v_misc_3,
          nicolae_vaults_alarming, ontoclasm_vaults_hangar,
          gammafunk_sealed_arena, vaults_mumra_lcd, nicolae_vaults_theta,
          layout_vaults_ring, serial_shops, shop
Vaults:5: uniq_mennas
Depths:1: layout_small_grid, enter_ziggurat_c, pdpol_wu_jian_five_deadly_venoms,
          grunt_hell_entry_dis_grunt, abyss_entry_crystal, fiery_altar_vehumet
Depths:2: minmay_gate_of_8, layout_small_grid, nicolae_benzene_ring,
          rand_demon_pan_entry_4, hell_entry, serial_shops, shop,
          minmay_misc_feat_ornament, nicolae_diode_basic,
          infiniplex_staircase_star
Depths:3: minmay_diamond_stairs, layout_basic, abyss_entry, hell_entry,
          grunt_megastairs_3, minmay_staircase_statues, serial_bayou_shore_b,
          uniq_josephina, uniq_frederick, uniq_norris
Depths:4: grunt_profane_halls [grunt_profane_temple_dis,
          grunt_profane_temple_geh, grunt_profane_temple_coc,
          grunt_profane_temple_tar, grunt_zot_portal], hell_entry
Zot:1:    layout_onion_interference
Zot:2:    hangedman_orp_of_zott, layout_gridlike,
          regret_index_zotdec_decaying_vile
Zot:3:    layout_basic, hangedman_zot_wheel_spokes
Zot:4:    gammafunk_mikee_crab_dinner, layout_gridlike,
          hangedman_zot_diagonal_lockstep,
          regret_index_zotdec_under_construction
Zot:5:    layout_twisted_circle

Skill      XL: |  1  2  3  4  5  6  7  8  9 10 11 12 13 14 15 16 17 18 19 20 21 22 23 24 25 26 27 |
---------------+----------------------------------------------------------------------------------+-----
Conjurations   | 2 3 4 5 6 7 8 9 10 11 12 13 14 15 16 | 16.2
Spellcasting   | 5 6 7 8 9 10 11 12 13 14 15 16 17 18 19 | 19.4
Invocations    | 1 2 3 4 5 6 7 8 9 10 11 12 13 14 15 16 17 18 19 20 | 20.4
Fighting       | 1 2 3 5 6 7 9 10 11 12 13 14 15 16 17 18 | 18.9
Short Blades   | 1 2 3 5 6 7 9 10 11 12 13 14 15 16 17 18 | 18.9
Long Blades    | 1 2 3 5 6 7 9 10 11 12 13 14 15 16 17 18 | 18.9
Axes           | 1 2 3 5 6 7 9 10 11 12 13 14 15 16 17 18 | 18.9
Maces & Flails | 1 2 3 5 6 7 9 10 11 12 13 14 15 16 17 18 | 18.9
Polearms       | 1 2 3 5 6 7 9 10 11 12 13 14 15 16 17 18 | 18.9
Staves         | 1 2 3 5 6 7 9 10 11 12 13 14 15 16 17 18 | 18.9
Ranged Weapons | 1 2 3 5 6 7 9 10 11 12 13 14 15 16 17 18 | 18.9
Throwing       | 1 2 3 5 6 7 9 10 11 12 13 14 15 16 17 18 | 18.9
Armour         | 1 2 3 5 6 7 9 10 11 12 13 14 15 16 17 18 | 18.9
Shields        | 1 2 3 5 6 7 9 10 11 12 13 14 15 16 17 18 | 18.9
Unarmed Combat | 1 2 3 5 6 7 9 10 11 12 13 14 15 16 17 18 | 18.9
Evocations     | 1 2 3 5 6 7 9 10 11 12 13 14 15 16 17 18 | 18.9
Shapeshifting  | 1 2 3 4 5 6 7 8 9 10 11 12 13 14 15 16 17 | 17.4
Hexes          | 1 2 3 4 5 6 7 8 9 10 11 12 13 14 15 16 | 16.1
Summonings     | 1 2 3 4 5 6 7 8 9 10 11 12 13 14 15 16 | 16.1
Necromancy     | 1 2 3 4 5 6 7 8 9 10 11 12 13 14 15 16 17 18 19 20 | 20.6
Translocations | 1 2 3 4 5 6 7 8 9 10 11 12 13 14 15 16 | 16.1
Transmutations | 1 2 3 4 5 6 7 8 9 10 11 12 13 14 15 16 | 16.1
Ice Magic      | 1 2 3 4 5 6 7 8 9 10 11 12 13 14 15 16 | 16.1
Air Magic      | 1 2 3 4 5 6 7 8 9 10 11 12 13 14 15 16 | 16.1
Earth Magic    | 1 2 3 4 5 6 7 8 9 10 11 12 13 14 15 16 | 16.1
Poison Magic   | 1 2 3 4 5 6 7 8 9 10 11 12 13 14 15 16 | 16.1
Dodging        | 5 6 7 8 9 10 11 12 13 14 15 16 18 19 20 21 | 21.4
Stealth        | 5 6 7 8 9 10 11 12 13 14 15 16 17 18 19 | 19.3
Fire Magic     | 6 7 8 9 10 11 12 13 14 15 16 | 16.9

Action                     |  1- 3 |  4- 6 |  7- 9 | 10-12 | 13-15 | 16-18 | 19-21 | 22-24 | 25-27 || total
---------------------------+-------+-------+-------+-------+-------+-------+-------+-------+-------++-------
  Melee: Dagger            |       |       |       |    62 |    13 |       |       |       |       ||    75
         Bite              |       |       |       |    10 |    14 |    16 |    15 |    55 |    68 ||   178
         Staff             |       |       |       |     7 |    45 |    58 |     8 |    20 |       ||   138
         Scimitar          |       |       |       |       |       |    41 |    37 |       |       ||    78
         Demon trident     |       |       |       |       |       |       |    39 |   246 |   377 ||   662
  Throw: Dart              |       |       |     3 |    18 |     4 |       |     1 |       |       ||    26
         Javelin           |       |       |       |     3 |       |       |     8 |     2 |       ||    13
         Boomerang         |       |       |       |     4 |       |       |       |       |       ||     4
         Throwing net      |       |       |       |     4 |       |       |       |     4 |       ||     8
   Cast: Foxfire           |    51 |   123 |   121 |   125 |       |       |       |       |       ||   420
         Scorch            |     8 |    35 |    89 |   161 |       |       |       |       |       ||   293
         Inner Flame       |       |       |     9 |     9 |       |       |       |       |       ||    18
         Flame Wave        |       |       |     1 |    27 |       |       |       |       |       ||    28
         Frozen Ramparts   |       |       |       |    26 |     2 |       |       |     1 |       ||    29
         Ozocubu's Armour  |       |       |       |     7 |       |       |       |       |       ||     7
         Freezing Cloud    |       |       |       |    40 |   266 |   171 |     8 |       |       ||   485
         Stone Arrow       |       |       |       |    49 |   348 |   125 |       |       |       ||   522
         Irradiate         |       |       |       |       |     5 |    60 |    26 |    22 |    23 ||   136
         Plasma Beam       |       |       |       |       |    28 |   212 |    41 |    31 |     1 ||   313
         Bombard           |       |       |       |       |       |    48 |    88 |   111 |    93 ||   340
         Ozocubu's Refrige |       |       |       |       |       |    37 |   590 |   532 |   259 ||  1418
         Ignition          |       |       |       |       |       |       |     2 |    70 |    56 ||   128
         Maxwell's Capacit |       |       |       |       |       |       |       |     2 |    41 ||    43
         Malign Gateway    |       |       |       |       |       |       |       |       |     3 ||     3
  Evoke: Wand              |       |       |     1 |    11 |    13 |    49 |    11 |     2 |     1 ||    88
         Condenser vane    |       |       |       |       |     1 |     4 |     4 |     4 |     1 ||    14
         Lightning rod     |       |       |       |       |       |    14 |    16 |     8 |     4 ||    42
         Phantom mirror    |       |       |       |       |       |     2 |       |     2 |     1 ||     5
         Box of beasts     |       |       |       |       |       |       |       |     5 |     1 ||     6
         Phial of floods   |       |       |       |       |       |       |       |       |     1 ||     1
    Use: Scroll            |     2 |     5 |     9 |    11 |     9 |    11 |     9 |    13 |    20 ||    89
         Potion            |       |       |     1 |     4 |     1 |     8 |       |     5 |     5 ||    24
   Stab: Sleeping          |       |       |       |     1 |       |       |       |     1 |     5 ||     7
         Distracted        |       |       |       |       |       |       |     1 |    10 |    15 ||    26
 Armour: Robe              |     2 |     5 |    23 |    16 |       |       |       |       |       ||    46
         Leather armour    |       |       |       |    25 |       |       |       |       |       ||    25
         Steam dragon scal |       |       |       |    65 |    99 |   372 |   166 |       |       ||   702
         Troll leather arm |       |       |       |     5 |       |       |    60 |   298 |   267 ||   630
         Ice dragon scales |       |       |       |       |     8 |       |       |       |       ||     8
  Dodge: Dodged            |       |     7 |    50 |   178 |   118 |   338 |   184 |   224 |   377 ||  1476
  Block: Buckler           |       |       |     5 |    55 |    40 |   141 |    79 |   109 |   149 ||   578

Table legend: (Time is in decaauts)
 A = Elapsed time spent in this place.
 B = Non-inter-level travel time spent in this place.
 C = Inter-level travel time spent in this place.
 D = Time resting spent in this place.
 E = Time spent auto-exploring this place.
 F = Levels seen in this place.
 G = Mean time per level.
                   A        B        C        D        E       F      G
               +--------+--------+--------+--------+--------+-----+--------+
         Total | 110313 |  98480 |  11833 |  15140 |  67718 |  56 | 1969.9 |
       Dungeon |  33344 |  28333 |   5011 |   8313 |  14109 |  15 | 2222.9 |
        Temple |     50 |      2 |     48 |      0 |      0 |   1 |   50.0 |
          Lair |  11456 |  10073 |   1383 |    335 |   8583 |   5 | 2291.2 |
        Shoals |   9218 |   8591 |    627 |    944 |   6387 |   4 | 2304.5 |
   Spider Nest |   5369 |   5035 |    334 |    163 |   4036 |   4 | 1342.2 |
    Slime Pits |   3352 |   2653 |    699 |    827 |   1159 |   5 |  670.4 |
  Orcish Mines |   4823 |   4215 |    608 |    189 |   3436 |   2 | 2411.5 |
   Elven Halls |   9944 |   8945 |    999 |    476 |   7587 |   3 | 3314.7 |
        Vaults |  14208 |  13189 |   1019 |    980 |  10362 |   5 | 2841.6 |
        Depths |  10229 |   9599 |    630 |    441 |   8097 |   4 | 2557.2 |
           Zot |   6199 |   5728 |    471 |   2423 |   2435 |   5 | 1239.8 |
        Bazaar |    136 |    136 |      0 |      0 |     50 |   1 |  136.0 |
         Trove |     45 |     45 |      0 |      0 |      6 |   1 |   45.0 |
      Ice Cave |   1932 |   1932 |      0 |     48 |   1470 |   1 | 1932.0 |
               +--------+--------+--------+--------+--------+-----+--------+

Top non-repeatable levels by time:
     D:8: 6132 daAuts
   Elf:3: 5216 daAuts
Depths:4: 4199 daAuts
Vaults:2: 4191 daAuts
     D:9: 4059 daAuts
   Zot:5: 3969 daAuts
Shoals:3: 3848 daAuts
    D:14: 3646 daAuts
Vaults:5: 3343 daAuts
  Lair:3: 3274 daAuts
  Lair:5: 3127 daAuts
   Orc:2: 3027 daAuts
Vaults:1: 2550 daAuts
   Elf:1: 2546 daAuts
    D:11: 2257 daAuts
